 Dungeon Crawl Stone Soup version 0.19.4-8-ga85b6b9 (webtiles) character file.

1857 GordonOverkill the Carver (level 8, -2/55 HPs)
             Began as a High Elf Fighter on Feb 14, 2017.
             Was an Initiate of Okawaru.
             Slain by a killer bee (5 damage)
             ... on level 7 of the Dungeon.
             The game lasted 00:16:42 (8286 turns).

GordonOverkill the Carver (High Elf Fighter)        Turns: 8286, Time: 00:16:43

Health: -2/55      AC: 16    Str: 17    XL:     8   Next: 89%
Magic:  9/9        EV:  5    Int: 11    God:    Okawaru [......]
Gold:   394        SH: 11    Dex: 16    Spells: 0 memorised, 7 levels left

rFire  . . .     SeeInvis .     a - +0 long sword
rCold  . . .     Gourm    .     y - +3 chain mail
rNeg   . . .     Faith    .     c - +0 shield
rPois  .         Spirit   .     n - +2 helmet
rElec  .         Reflect  .     l - +0 cloak
rCorr  .         Harm     .     (no gloves)
MR     .....                    (no boots)
Stlth  ..........               (no amulet)
                                (no ring)
                                (no ring)

@: exhausted, slowed, invisible, very slow
A: no striking features
a: Renounce Religion


You were on level 7 of the Dungeon.
You worshipped Okawaru.
Okawaru was noncommittal.
You were not hungry.

You visited 2 branches of the dungeon, and saw 8 of its levels.

You collected 419 gold pieces.
You spent 25 gold pieces at shops.

Inventory:

Hand Weapons
 a - a +0 long sword (weapon)
Armour
 c - a +0 shield (worn)
 l - a +0 cloak (worn)
 n - a +2 helmet (worn)
 y - a +3 chain mail (worn)
Jewellery
 b - an uncursed ring of fire
 F - an uncursed ring of ice
Wands
 p - a wand of confusion (27/48)
 D - a wand of confusion (16/48)
 G - a wand of flame (33/48)
 H - a wand of iceblast (5/15)
Scrolls
 e - 3 scrolls of recharging
 o - 4 scrolls of remove curse
 J - a scroll of enchant armour
Potions
 d - 2 potions of might
 i - 4 potions of agility
 k - a potion of cancellation
 q - 2 potions of degeneration
 w - 3 potions of lignification
 x - a potion of berserk rage
 A - a potion of resistance
 B - a potion of flight {unknown}
Books
 g - a book of Cantrips

   Spells                             Type                      Level
   a - Confusing Touch                Hexes                        1
   b - Animate Skeleton               Necromancy                   1
   c - Summon Small Mammal            Summoning                    1
   d - Apportation                    Translocation                1
Comestibles
 f - 5 bread rations
 u - 4 meat rations
 z - a royal jelly
 E - 8 fruits


   Skills:
 - Level 5.0 Fighting
 * Level 9.0 Long Blades
 + Level 3.9 Armour
 * Level 7.2 Shields


You had 7 spell levels left.
You didn't know any spells.

Dungeon Overview and Level Annotations

Branches:
Dungeon (7/15)             Temple (1/1) D:7

Altars:
Ashenzari
Cheibriados
Dithmenos
Elyvilon
Fedhas
Gozag
Hepliaklqana
Kikubaaqudgha
Makhleb
Nemelex Xobeh
Okawaru
Qazlal
Ru
Sif Muna
Uskayaw
Vehumet
Yredelemnul
Zin
The Shining One

Shops:
D:4 *

Annotations:
D:7 Dowan


Message History

You feel as though you will be slow longer.
You feel sick.
Dowan mumbles some strange words.
Dowan blinks!
As you read the scroll of teleportation, it crumbles to dust.
You feel strangely unstable.
You feel sick. Dowan casts a spell at you. The shard of ice hits you!
* * * LOW HITPOINT WARNING * * *
You feel better. Dowan gestures at you while chanting.
The shard of ice hits you!
* * * LOW HITPOINT WARNING * * *
You block Dowan's attack.
Okay, then.
Your surroundings suddenly seem different.
The killer bee buzzes angrily. x2
You fade into invisibility!
You block the killer bee's attack. The killer bee stings you.
You die...

#....(.
#########....>.########
.....y.y..............#
.....yyy...y..........#
......................#
...............<......#
..........y...........#
.............y........#
..............yy@.....#
###+##+####.#####.....#
#...........#.((#.....#
#...........#...#.....#
#...........#####.....#
#.....................#
#............._.......+
#.##....##.#..........#
#.##....##.##.##......#


You could see 5 killer bees and 2 dancing weapons.

Vanquished Creatures
  Grinder (D:4)
  Sigmund (D:4)
  Duvessa (D:7)
  2 ogres
  Blork the orc (D:4)
  A wyvern skeleton (D:6)
  A killer bee (D:6)
  A howler monkey (D:6)
  2 crimson imps
  A bullfrog zombie (D:5)
  2 hounds (D:6)
  A jelly (D:7)
  6 orc wizards
  A bullfrog skeleton (D:6)
  5 orc priests
  Terence (D:2)
  Ijyb (D:2)
  2 worker ants
  2 hound skeletons
  Robin (D:2)
  10 gnolls
  A howler monkey skeleton (D:6)
  10 adders
  2 shadow imps
  2 oozes (D:2)
  2 adder skeletons
  3 worms (D:2)
  2 dart slugs
  7 leopard geckos
  23 orcs
  2 ball pythons
  8 bats
  4 giant cockroaches
  13 goblins
  6 hobgoblins
  11 jackals
  3 quokkas
  3 frilled lizards
  2 gnoll zombies (D:6)
  9 kobolds
  2 leopard gecko skeletons
  A quokka skeleton (D:4)
  A rat (D:1)
161 creatures vanquished.

Notes
Turn   | Place    | Note
-------+----------+-------------------------------------------
     0 | D:1      | GordonOverkill the High Elf Fighter began the quest for the Orb.
     0 | D:1      | Reached XP level 1. HP: 16/16 MP: 2/2
    58 | D:1      | Reached skill level 3 in Long Blades
   175 | D:1      | Reached XP level 2. HP: 21/21 MP: 3/3
   391 | D:1      | Found a sparkling altar of Nemelex Xobeh.
   690 | D:2      | Reached XP level 3. HP: 23/26 MP: 4/4
   727 | D:2      | Noticed Ijyb
   738 | D:2      | Killed Ijyb
   921 | D:2      | Reached XP level 4. HP: 31/31 MP: 5/5
  1611 | D:2      | Noticed Robin
  1625 | D:2      | Reached skill level 4 in Long Blades
  1914 | D:2      | Killed Robin
  2398 | D:2      | Noticed Terence
  2416 | D:2      | Killed Terence
  2416 | D:2      | Reached XP level 5. HP: 27/37 MP: 6/6
  3299 | D:3      | Reached skill level 5 in Long Blades
  3307 | D:3      | Reached XP level 6. HP: 37/43 MP: 7/7
  3426 | D:3      | Found a glowing golden altar of the Shining One.
  3426 | D:3      | Found a glowing silver altar of Zin.
  3426 | D:3      | Found a white marble altar of Elyvilon.
  3726 | D:4      | Found Apada's Assorted Antiques.
  3733 | D:4      | Bought a scroll labeled VUSEHE XOSIT for 25 gold pieces
  3741 | D:4      | Noticed Grinder
  3821 | D:4      | Noticed Blork the orc
  4841 | D:4      | Found a snail-covered altar of Cheibriados.
  4863 | D:4      | Paralysed by Grinder for 5 turns
  4879 | D:4      | Reached skill level 6 in Long Blades
  4911 | D:4      | Paralysed by Grinder for 3 turns
  4937 | D:4      | Killed Grinder
  4937 | D:4      | Reached skill level 5 in Shields
  4937 | D:4      | Reached XP level 7. HP: 36/49 MP: 8/8
  5183 | D:4      | Killed Blork the orc
  5258 | D:4      | Noticed Sigmund
  5271 | D:4      | Killed Sigmund
  5271 | D:4      | Reached skill level 5 in Fighting
  5271 | D:4      | Reached skill level 7 in Long Blades
  5803 | D:4      | Found an opulent altar of Gozag.
  5913 | D:5      | Entered Level 5 of the Dungeon
  5952 | D:5      | Found a hazy altar of Hepliaklqana.
  6290 | D:5      | Reached XP level 8. HP: 31/55 MP: 9/9
  6926 | D:5      | Reached skill level 8 in Long Blades
  6933 | D:5      | Found a blossoming altar of Fedhas.
  6937 | D:5      | Found a radiant altar of Vehumet.
  7091 | D:5      | Found an ancient bone altar of Kikubaaqudgha.
  7552 | D:6      | Found an iron altar of Okawaru.
  7560 | D:6      | Became a worshipper of Warmaster Okawaru
  7638 | D:6      | Found a basalt altar of Yredelemnul.
  7795 | D:7      | Noticed a hand axe
  7795 | D:7      | Noticed a hand axe
  8006 | D:7      | Found a hide-covered altar of Uskayaw.
  8034 | D:7      | Noticed a moth of wrath
  8063 | D:7      | Found a staircase to the Ecumenical Temple.
  8069 | Temple   | Entered the Ecumenical Temple
  8271 | D:7      | Noticed Duvessa
  8271 | D:7      | Noticed Dowan
  8278 | D:7      | Killed Duvessa
  8278 | D:7      | Reached skill level 9 in Long Blades
  8284 | D:7      | HP: 2/55 [Dowan/shard of ice (20)]
  8286 | D:7      | Slain by a killer bee

Skill      XL: |  1  2  3  4  5  6  7  8 |
---------------+-------------------------+-----
Long Blades    | 3 4 5 6 7 9 |  9.0
Shields        | 3 4 5 6 7 |  7.2
Fighting       | 4 5 |  5.0
Armour         | 3 |  3.9

Action                   |  1- 3 |  4- 6 |  7- 9 || total
-------------------------+-------+-------+-------++-------
Melee: Long sword        |    81 |   340 |   366 ||   787
Evoke: Wand              |       |     5 |     3 ||     8
  Use: Scroll            |     2 |     8 |    12 ||    22
       Potion            |       |     1 |     7 ||     8
 Stab: Confused          |       |     1 |     4 ||     5
  Eat: Chunk             |       |    13 |    10 ||    23
       Pizza             |       |       |     1 ||     1
Armor: Chain mail        |    42 |   212 |   211 ||   465
       Scale mail        |     5 |       |       ||     5
Dodge: Dodged            |    14 |    47 |    81 ||   142
Block: Shield            |    29 |   167 |   184 ||   380
       Rpst.: Long sword |     6 |    10 |    27 ||    43
